 Dungeon Crawl Stone Soup version 0.31-a0-963-ga325b22 (webtiles) character file.

Game seed: 16103609329404653529

9 PurpleRed the Slasher (level 2, 0/18 HPs)
             Began as a Deep Elf Berserker on Oct 25, 2023.
             Was a Follower of Trog.
             Slain by a hobgoblin (4 damage)
             ... on level 1 of the Dungeon.
             The game lasted 00:01:01 (209 turns).

PurpleRed the Slasher (Deep Elf Berserker)           Turns: 209, Time: 00:01:02

Health: 0/18       AC:  3    Str: 14    XL:     2   Next: 3%
Magic:  4/4        EV: 12    Int: 11    God:    Trog [*.....]
Gold:   18         SH:  0    Dex: 14    Spells: 1/1 levels left

rFire   . . .        a - +0 falchion
rCold   . . .        (no shield)
rNeg    . . .        b - +0 animal skin
rPois   .            (no helmet)
rElec   .            (no cloak)
rCorr   .            d - +0 pair of gloves
SInv    .            (no boots)
Will    .....        (no amulet)
Stlth   +            (no ring)
HPRegen 0.23/turn    (no ring)
MPRegen 0.09/turn

%: no passive effects
@: no status effects
A: no striking features
a: Renounce Religion, Berserk


You were on level 1 of the Dungeon.
You worshipped Trog.
Trog was aware of your devotion.
You visited 1 branch of the dungeon, and saw 1 of its levels.

You collected 18 gold pieces.

Inventory:

Hand Weapons
 a - a +0 falchion (weapon)
Missiles
 c - a throwing net
Armour
 b - a +0 animal skin (worn)
 d - a +0 pair of gloves (worn)
Potions
 e - a potion of heal wounds {unknown}
 f - a potion of curing {unknown}


   Skills:
 + Level 2.5 Fighting
 * Level 3.0 Long Blades
 - Level 1.6 Armour
 - Level 2.5 Dodging


You had one spell level left.
You didn't know any spells.
Your spell library was empty.

Dungeon Overview and Level Annotations

Branches:
Dungeon (1/15)

Altars:


Message History

You kill the jackal!
Trog accepts your kill.
Your Long Blades skill increases to level 3!
You have reached level 2!
Found a bubbling brown potion.
f - a bubbling brown potion A frilled lizard comes into view.
The frilled lizard hisses angrily.
The frilled lizard bites you.
You closely miss the frilled lizard.
The frilled lizard bites you but does no damage.
You slash the frilled lizard!
You kill the frilled lizard!
Trog accepts your kill.
A hobgoblin comes into view.
The hobgoblin shouts!
The hobgoblin hits you.
You hit the hobgoblin.
The hobgoblin is heavily wounded.
The hobgoblin hits you.
You closely miss the hobgoblin.
The hobgoblin is heavily wounded.
The hobgoblin hits you. x2
You barely miss the hobgoblin.
The hobgoblin is heavily wounded.
The hobgoblin hits you.
You hit the hobgoblin but do no damage.
The hobgoblin is heavily wounded.
The hobgoblin barely misses you.
You closely miss the hobgoblin.
The hobgoblin is heavily wounded.
The hobgoblin hits you.
You barely miss the hobgoblin.
The hobgoblin is heavily wounded.
The hobgoblin hits you.
* * * LOW HITPOINT WARNING * * *
You hit the hobgoblin but do no damage.
The hobgoblin is heavily wounded.
The hobgoblin hits you.
You die...

#.........
#.........
..........
#############
#............
#.###########
#.#
.###########.#
......g@.....#
##############


You could see a hobgoblin.

Vanquished Creatures
  2 ball pythons (D:1)
  2 hobgoblins (D:1)
  2 jackals (D:1)
  2 frilled lizards (D:1)
8 creatures vanquished.

Notes
Turn   | Place    | Note
-------+----------+-------------------------------------------
     0 | D:1      | PurpleRed the Deep Elf Berserker began the quest for the
                  | Orb.
     0 | D:1      | Reached XP level 1. HP: 13/13 MP: 3/3
   151 | D:1      | Reached skill level 3 in Long Blades
   151 | D:1      | Reached XP level 2. HP: 18/18 MP: 4/4
   209 | D:1      | Slain by a hobgoblin

Illustrated notes

Levels and vault maps discovered:
D:1:      lemuel_arrival_cross, layout_basic, minmay_pentomino_t2

Skill      XL: |  1 |
---------------+----+-----
Long Blades    | 3 |  3.0
Fighting       | |  2.5
Armour         | |  1.6
Dodging        | |  2.5

Action                     || total
---------------------------++-------
  Melee: Falchion          ||    29
 Invoke: Berserk           ||     1
 Armour: Animal skin       ||    21
  Dodge: Dodged            ||    11

Table legend: (Time is in decaauts)
 A = Elapsed time spent in this place.
 B = Non-inter-level travel time spent in this place.
 C = Inter-level travel time spent in this place.
 D = Time resting spent in this place.
 E = Time spent auto-exploring this place.
 F = Levels seen in this place.
 G = Mean time per level.
                   A        B        C        D        E       F      G
               +--------+--------+--------+--------+--------+-----+--------+
         Total |    221 |    221 |      0 |      0 |      0 |   1 |  221.0 |
       Dungeon |    221 |    221 |      0 |      0 |      0 |   1 |  221.0 |
               +--------+--------+--------+--------+--------+-----+--------+

Top non-repeatable levels by time:
     D:1: 221 daAuts
